Map: Acropolis LE

Players

Night

  • Race: Terran Terran
  • Spawn Location: 5:00

Mez - Winner!

  • Race: Terran Terran
  • League: Master
  • Spawn Location: 11:00

VOD

Have the link to the VOD?

Description

Time

  • Played on: July 28, 2019, 1:03 a.m.
  • Length: 5:14
Show
View Real Time Build Order
Export as new Build Order

Night Terran 

Build Orders:  

Get SALT Encoding   

  12  0:01  SCV  
  13  0:13  SCV  
  14  0:19  Supply Depot  
  14  0:27  SCV  
  15  0:40  SCV  
  16  0:46  Barracks  
  16  1:00  Barracks  
  16  1:10  Barracks  
  16  1:16  SCV  
  17  1:24  Refinery  
  17  1:28  SCV  
  18  1:34  Marine  
  18  1:39  Supply Depot  
  19  1:48  SCV  
  19  1:49  Marine  
  19  1:53  Marine  
  22  1:58  Marine  
  23  2:08  Marine  
  24  2:10  Marine  
  25  2:16  Marine  
  26  2:25  Marine  
  26  2:28  Marine  
  28  2:34  Marine  
  28  2:43  Marine  
  27  2:46  Marine  
  27  2:51  Marine  
  25  3:01  Marine  
  25  3:04  Marine  
  24  3:09  Marine  
  25  3:19  Marine  
  25  3:22  Marine  
  26  3:27  Marine  
  27  3:37  Marine  
  27  3:39  Marine  
  28  3:45  Marine  
  29  3:54  Marine  
  28  3:57  Marine  
  28  4:03  Marine  
  29  4:12  Marine  
  29  4:15  Marine  
  31  4:19  Supply Depot  
  31  4:40  Marine x3  
Show
View Real Time Build Order
Export as new Build Order

Mez Terran - Winner!

Build Orders:  

Get SALT Encoding   

  12  0:05  SCV  
  13  0:17  SCV  
  14  0:22  Supply Depot  
  14  0:29  SCV  
  15  0:43  SCV  
  15  0:44  Barracks  
  15  0:46  Refinery  
  16  0:57  Barracks  
  16  1:01  SCV  
  17  1:09  Refinery  
  17  1:13  SCV  
  18  1:25  SCV  
  19  1:35  Reaper  
  19  1:37  Orbital Command  
  20  1:48  Reaper  
  20  1:51  Supply Depot  
  21  2:04  SCV  
  21  2:07  Reaper  
  23  2:16  SCV  
  24  2:23  Bunker  
  24  2:24  Marine  
  23  2:39  Marine  
  24  2:44  Marine  
  25  2:57  Marine  
  26  3:03  SCV  
  27  3:06  Factory  
  27  3:07  Command Center  
  27  3:15  Reaper x2, SCV  
  27  3:41  SCV  
  27  3:47  Reaper x2  
  29  4:04  Hellion  
  31  4:18  SCV  
  31  4:19  Barracks  
  31  4:20  Barracks x2, Orbital Command  
  32  4:40  SCV  
  32  4:43  Marine x2  
  35  4:48  Factory Reactor  
Tags
 
League
Master
Matchup
TvT
Race
Terran
Spawn Locations
Cross Positions
Add a new tag
Caveats
  • Supply blocks, unpowered buildings, or Contaminate may cause inaccurate times.
  • Supply counts are checked every 10 seconds.